Map: Deathaura LE

Players

Drift - Winner!

  • Race: Terran Terran
  • League: Master
  • Spawn Location: 5:00

A.I. 1 (Very Easy)

  • Race: Terran Terran
  • Spawn Location: 11:00

VOD

Have the link to the VOD?

Description

Time

  • Played on: Oct. 10, 2020, 11:11 a.m.
  • Length: 11:54
Show
View Real Time Build Order
Export as new Build Order

Drift Terran - Winner!

Build Orders: Mech 

Get SALT Encoding   

  12  0:00  SCV  
  13  0:12  SCV  
  14  0:17  Supply Depot  
  14  0:24  SCV  
  15  0:39  SCV  
  15  0:40  Barracks  
  16  0:45  Refinery  
  16  0:51  SCV  
  16  0:53  Refinery  
  17  1:03  SCV  
  18  1:15  SCV  
  19  1:28  Reaper, Orbital Command  
  19  1:30  Supply Depot  
  20  1:43  Factory  
  21  1:54  SCV  
  21  2:00  Reaper  
  22  2:06  SCV  
  23  2:16  Command Center  
  23  2:20  SCV  
  24  2:27  Hellion  
  26  2:32  Barracks Tech Lab, SCV  
  26  2:36  Supply Depot  
  27  2:44  SCV  
  27  2:48  Starport  
  28  2:57  SCV  
  29  3:01  Cyclone  
  32  3:13  SCV  
  32  3:15  Refinery  
  33  3:25  SCV  
  33  3:26  Starport Tech Lab  
  34  3:28  Orbital Command  
  34  3:33  Cyclone  
  37  3:37  SCV  
  38  3:41  Refinery  
  38  3:49  SCV  
  38  3:54  SCV  
  42  3:57  Raven  
  42  4:01  SCV  
  43  4:05  Siege Tank  
  43  4:06  SCV  
  47  4:13  SCV  
  47  4:16  Supply Depot  
  48  4:18  SCV  
  49  4:25  SCV  
  49  4:29  Command Center  
  49  4:30  SCV  
  51  4:35  Barracks Reactor  
  51  4:37  SCV  
  54  4:39  Supply Depot  
  54  4:43  Raven  
  54  4:44  Siege Tank  
  57  4:46  SCV  
  57  4:49  SCV  
  59  4:58  SCV  
  60  5:01  SCV  
  60  5:03  Factory  
  60  5:04  Factory  
  60  5:07  Supply Depot  
  61  5:10  SCV  
  62  5:14  SCV  
  63  5:22  Barracks Reactor, SCV  
  63  5:23  Engineering Bay  
  63  5:26  SCV  
  65  5:29  Siege Tank  
  65  5:31  Viking  
  65  5:35  Viking, SCV  
  71  5:38  SCV  
  71  5:42  Supply Depot  
  74  5:46  Orbital Command  
  74  5:47  SCV  
  75  5:51  SCV  
  76  5:57  Siege Tank  
  76  6:00  SCV  
  76  6:01  Siege Tank  
  76  6:02  Viking  
  85  6:08  Orbital Command  
  85  6:09  SCV  
  85  6:11  Viking  
  88  6:14  Supply Depot  
  88  6:19  Hellion  
  88  6:23  SCV x2  
  91  6:32  Armory  
  91  6:33  Armory  
  91  6:35  Siege Tank, Hellion, SCV x2  
  91  6:36  Hellion  
  91  6:37  SCV  
  91  6:39  Refinery  
  101  6:43  Refinery  
  101  6:44  Supply Depot  
  101  6:46  Supply Depot  
  101  6:47  SCV x2  
  103  6:55  SCV  
  104  7:03  SCV x2  
  104  7:07  SCV  
  107  7:09  Supply Depot  
  107  7:14  Siege Tank x2, Supply Depot  
  107  7:15  Viking, Hellion x2, SCV x2  
  121  7:16  Viking  
  121  7:19  SCV  
  121  7:22  Terran Vehicle And Ship Armor Level 1, Terran Vehicle Weapons Level 1  
  124  7:27  SCV  
  125  7:30  SCV  
  125  7:31  SCV  
  125  7:32  Supply Depot  
  127  7:37  Supply Depot  
  127  7:39  SCV  
  127  7:41  Factory  
  127  7:43  Factory, Hellion x2, SCV  
  135  7:52  Medivac x2  
  135  7:53  SCV  
  135  7:56  SCV  
  135  7:57  SCV  
  140  7:59  Command Center  
  140  8:00  Siege Tank  
  140  8:05  Siege Tank  
  146  8:06  SCV  
  146  8:08  Infernal Pre-Igniter  
  146  8:10  SCV x2  
  146  8:12  Supply Depot  
  149  8:14  Supply Depot  
  149  8:20  Missile Turret  
  149  8:23  Missile Turret x2  
  149  8:25  Missile Turret  
  149  8:27  Hellion  
  149  8:28  Hellion  
  149  8:29  Medivac x2  
  149  8:31  Factory Reactor  
  149  8:32  Factory Tech Lab  
  157  8:45  Siege Tank x2, Supply Depot  
  157  8:46  Supply Depot  
  163  8:52  Siege Tank, Hellion  
  163  8:53  Hellion  
  170  8:59  Viking  
  172  9:06  Viking  
  172  9:08  Sensor Tower  
  174  9:22  Siege Tank, Hellion x3  
  174  9:23  Hellion, Refinery  
  185  9:24  Refinery  
  185  9:25  Sensor Tower  
  185  9:27  Terran Vehicle Weapons Level 2  
  185  9:31  Command Center  
  189  9:43  Hellion  
  189  9:44  Hellion  
  189  9:54  Thor  
  195  10:04  Planetary Fortress  
  195  10:15  Command Center  
  195  10:19  Command Center  
  195  10:24  Starport  
  195  10:30  Starport  
  195  11:05  Starport  
  195  11:06  Starport  
  195  11:25  Starport Tech Lab  
  195  11:27  Starport Reactor  
  195  11:35  Fusion Core  
Show
View Real Time Build Order
Export as new Build Order

A.I. 1 (Very Easy) Terran 

Build Orders:  

Get SALT Encoding   

  12  0:00  SCV  
  13  0:13  SCV  
  14  0:19  Supply Depot  
  14  0:37  Refinery  
  14  0:43  Barracks  
  14  1:02  Supply Depot  
  14  1:11  Refinery  
  14  1:29  SCV  
  14  1:30  Marine  
  16  1:41  SCV  
  17  1:53  SCV  
  18  2:05  Marine, SCV  
  20  2:17  SCV  
  21  2:29  SCV  
  22  2:40  Marine  
  22  2:42  Orbital Command  
  23  4:29  SCV  
  23  5:56  SCV  
  23  5:57  Marine  
  24  5:59  Supply Depot  
  24  6:01  Factory  
  25  6:20  SCV  
  25  6:23  Supply Depot  
  26  6:28  Barracks Tech Lab  
  26  6:32  SCV  
  27  6:44  SCV  
  27  6:45  Command Center  
  27  6:46  Starport  
  27  6:47  Marauder  
  27  6:57  SCV  
  28  7:17  Marine  
  29  7:24  Starport Tech Lab  
  31  7:49  Marine  
  32  7:52  Raven  
  33  7:58  SCV  
  33  8:05  Refinery, SCV  
  34  8:09  Refinery  
  35  8:12  SCV  
  36  8:20  Marine, SCV  
  39  8:27  SCV  
  40  8:34  SCV  
  40  8:35  Raven  
  41  8:41  SCV  
  42  8:49  SCV  
  43  8:56  SCV  
  43  9:03  SCV  
  44  9:10  SCV  
  45  9:17  SCV  
  46  9:24  SCV  
  47  9:31  SCV  
  48  9:39  SCV  
  49  9:46  SCV  
  50  10:47  SCV  
  50  10:57  Reaper, Medivac  
  50  10:59  Supply Depot  
  45  11:09  SCV  
  22  11:21  SCV  
  10  11:33  SCV  
  10  11:36  Supply Depot  
Tags
 
Composition
Mech
League
Master
Matchup
TvT
Race
Terran
Spawn Locations
Cross Positions
Add a new tag
Caveats
  • Supply blocks, unpowered buildings, or Contaminate may cause inaccurate times.
  • Supply counts are checked every 10 seconds.